 Dungeon Crawl Stone Soup version 0.22-a0-136-g83a10e5898 (webtiles) character file.

237 MrRokkomies the Stinger (level 6, 0/44 HPs)
             Began as a Gnoll Venom Mage on Feb 2, 2018.
             Succumbed to Sigmund's poison
             ... on level 2 of the Dungeon.
             The game lasted 00:03:56 (1011 turns).

MrRokkomies the Stinger (Gnoll Venom Mage)          Turns: 1011, Time: 00:03:58

Health: 0/44       AC:  4    Str: 13    XL:     6   Next: 6%
Magic:  2/13       EV: 15    Int: 21    God:
Gold:   0          SH:  0    Dex: 15    Spells: 9/15 levels left

rFire    . . .     SeeInvis .   d - -2 hunting sling (curse)
rCold    . . .     Gourm    .   (no shield)
rNeg     . . .     Faith    .   a - +1 robe
rPois    .         Spirit   .   (helmet restricted)
rElec    .         Reflect  .   (no cloak)
rCorr    .         Harm     .   k - +0 pair of gloves (curse)
MR       .....                  (no boots)
Stlth    +++.......             (no amulet)
HPRegen  0.14/turn              (no ring)
MPRegen  0.13/turn              (no ring)

@: lethally poisoned (0 -> -10), berserk cooldown, very slightly contaminated,
slowed, invisible, very slow
A: distributed training, antennae 1, fangs 1, clever 1, strong 1, subdued magic
1, strong nose
a: no special abilities


You were on level 2 of the Dungeon.
You were not hungry.

You visited 1 branch of the dungeon, and saw 2 of its levels.

Inventory:

Hand Weapons
 d - a cursed -2 hunting sling (weapon)
 h - a +0 dagger
Missiles
 e - 83 stones (quivered)
 l - 17 sling bullets
Armour
 a - a +1 robe (worn)
 k - a cursed +0 pair of gloves (worn)
Scrolls
 f - a scroll of immolation
 o - a scroll of enchant armour
Potions
 i - a potion of invisibility
 m - a potion of heal wounds {unknown}
 n - a potion of ambrosia {unknown}
Books
 b - a Young Poisoner's Handbook

   Spells                             Type                      Level
   a - Sting                          Conjuration/Poison           1
   b - Poisonous Vapours              Poison/Air                   2
   c - Mephitic Cloud                 Conjuration/Poison/Air       3
   d - Olgreb's Toxic Radiance        Poison                       4
   e - Venom Bolt                     Conjuration/Poison           5
Comestibles
 c - 3 rations


   Skills:
 + Level 1.7 Fighting
 + Level 1.7 Short Blades
 + Level 1.7 Long Blades
 + Level 1.7 Axes
 + Level 1.7 Maces & Flails
 + Level 1.7 Polearms
 + Level 1.7 Staves
 + Level 1.7 Slings
 + Level 1.7 Bows
 + Level 1.7 Crossbows
 + Level 1.7 Throwing
 + Level 1.7 Armour
 + Level 4.9 Dodging
 + Level 4.5 Stealth
 + Level 1.7 Shields
 + Level 1.7 Unarmed Combat
 + Level 5.3 Spellcasting
 + Level 2.5 Conjurations
 + Level 1.3 Hexes
 + Level 1.3 Charms
 + Level 1.3 Summonings
 + Level 1.3 Necromancy
 + Level 1.3 Translocations
 + Level 1.3 Transmutations
 + Level 1.3 Fire Magic
 + Level 1.3 Ice Magic
 + Level 1.3 Air Magic
 + Level 1.3 Earth Magic
 + Level 5.6 Poison Magic
 + Level 2.0 Invocations
 + Level 1.7 Evocations


You had 9 spell levels left.
You knew the following spells:

 Your Spells              Type           Power        Failure   Level  Hunger
a - Sting                 Conj/Pois      ###.         1%          1    None
b - Poisonous Vapours     Pois/Air       ###...       2%          2    None
c - Mephitic Cloud        Conj/Pois/Air  ##......     7%          3    ##.....


Dungeon Overview and Level Annotations

Branches:
Dungeon (2/15)

Altars:


Innate Abilities, Weirdness & Mutations

Your experience applies equally to all skills.
You have very sharp teeth.
Your uncanny sense of smell can sniff out nearby items.
You have a pair of small antennae on your head.
Your mind is acute. (Int +2)
Your muscles are strong. (Str +2)
Your spells are a little easier to cast, but a little less powerful.


Message History

You have reached level 5!
You have reached level 6!
Your experience leads to an increase in your attributes!
Your base attributes are Str 11, Int 18, Dex 15.
Increase (S)trength, (I)ntelligence, or (D)exterity?
You feel clever.
You feel a bit more experienced.
* * * LOW HITPOINT WARNING * * *
You feel sick.
You are too berserk!
Items here: ! ) [ †† a scythe of venom; a robe; a lumpy cyan potion; the human corpse of Sigmund an adder corpse Butcher the human corpse of Sigmund? [(y)es/(c)hoosy/(n)o/(a)ll/(e)dible/(q)uit/?]
You butcher the human corpse of Sigmund.
You feel a strong urge to attack something.
You are no longer berserk.
You are exhausted.
You stop butchering the corpse.
You feel yourself slow down.
You die...

................###
...................
.................##
...................
...................
................†..
#.............†..).
########............
#.(@....(.........).
#####...........#.##
####...#........
#...##..#......
#.S..@..##......
#..#.(###......<.
#.....## ###....(.
#.s..# #...... #. .#
####...


There were no monsters in sight!

Vanquished Creatures
  Sigmund (D:2)
  3 adders (D:2)
  3 leopard geckos
  6 bats (D:1)
  4 giant cockroaches
  6 goblins (D:1)
  4 hobgoblins
  2 jackals (D:1)
  2 frilled lizards
  2 kobolds
  4 rats (D:1)
37 creatures vanquished.

Notes
Turn   | Place    | Note
-------+----------+-------------------------------------------
     0 | D:1      | MrRokkomies the Gnoll Venom Mage began the quest for the Orb.
     0 | D:1      | Reached XP level 1. HP: 13/13 MP: 6/6
   101 | D:1      | Reached XP level 2. HP: 19/19 MP: 7/7
   681 | D:1      | Reached XP level 3. HP: 19/25 MP: 9/9
   693 | D:1      | Reached skill level 5 in Spellcasting
   697 | D:1      | Learned a level 2 spell: Poisonous Vapours
   701 | D:1      | Learned a level 3 spell: Mephitic Cloud
   916 | D:2      | Reached skill level 1 in Invocations
   987 | D:2      | Noticed Sigmund
  1000 | D:2      | Reached skill level 1 in Fighting
  1000 | D:2      | Reached skill level 1 in Short Blades
  1000 | D:2      | Reached skill level 1 in Long Blades
  1000 | D:2      | Reached skill level 1 in Axes
  1000 | D:2      | Reached skill level 1 in Maces & Flails
  1000 | D:2      | Reached skill level 1 in Polearms
  1000 | D:2      | Reached skill level 1 in Staves
  1000 | D:2      | Reached skill level 1 in Slings
  1000 | D:2      | Reached skill level 1 in Bows
  1000 | D:2      | Reached skill level 1 in Crossbows
  1000 | D:2      | Reached skill level 1 in Throwing
  1000 | D:2      | Reached skill level 1 in Armour
  1000 | D:2      | Reached skill level 1 in Shields
  1000 | D:2      | Reached skill level 1 in Unarmed Combat
  1000 | D:2      | Reached skill level 1 in Evocations
  1000 | D:2      | Reached XP level 4. HP: 25/32 MP: 1/11
  1005 | D:2      | Gained mutation: Your spells are a little easier to cast, but a little less powerful. [potion of mutation]
  1005 | D:2      | Gained mutation: Your mind is acute. (Int +2) [potion of mutation]
  1005 | D:2      | Gained mutation: Your muscles are strong. (Str +2) [potion of mutation]
  1005 | D:2      | Gained mutation: You have a pair of small antennae on your head. [potion of mutation]
  1008 | D:2      | HP: 2/48 [poisoned by Sigmund]
  1009 | D:2      | Killed Sigmund
  1009 | D:2      | Reached skill level 1 in Hexes
  1009 | D:2      | Reached skill level 1 in Charms
  1009 | D:2      | Reached skill level 1 in Summonings
  1009 | D:2      | Reached skill level 1 in Necromancy
  1009 | D:2      | Reached skill level 1 in Translocations
  1009 | D:2      | Reached skill level 1 in Transmutations
  1009 | D:2      | Reached skill level 1 in Fire Magic
  1009 | D:2      | Reached skill level 1 in Ice Magic
  1009 | D:2      | Reached skill level 1 in Air Magic
  1009 | D:2      | Reached skill level 1 in Earth Magic
  1009 | D:2      | Reached XP level 5. HP: 2/38 MP: 2/12
  1009 | D:2      | Reached XP level 6. HP: 3/44 MP: 2/13
  1011 | D:2      | Succumbed to Sigmund's poison

Vault maps used:
D:1:      dpeg_arrival_erosion, minmay_misc_feat_tiny, minivault_4
D:2:      minmay_gold_behind_fungi, kennysheep_flooded_box,
          kennysheep_generic_room_12, uniq_sigmund

Skill      XL: |  1  2  3  4 |
---------------+-------------+-----
Conjurations   | 2 |  2.5
Spellcasting   | 5 |  5.3
Invocations    | 1 2 |  2.0
Fighting       | 1 |  1.7
Short Blades   | 1 |  1.7
Long Blades    | 1 |  1.7
Axes           | 1 |  1.7
Maces & Flails | 1 |  1.7
Polearms       | 1 |  1.7
Staves         | 1 |  1.7
Slings         | 1 |  1.7
Bows           | 1 |  1.7
Crossbows      | 1 |  1.7
Throwing       | 1 |  1.7
Armour         | 1 |  1.7
Shields        | 1 |  1.7
Unarmed Combat | 1 |  1.7
Evocations     | 1 |  1.7
Hexes          | 1 |  1.3
Charms         | 1 |  1.3
Summonings     | 1 |  1.3
Necromancy     | 1 |  1.3
Translocations | 1 |  1.3
Transmutations | 1 |  1.3
Fire Magic     | 1 |  1.3
Ice Magic      | 1 |  1.3
Air Magic      | 1 |  1.3
Earth Magic    | 1 |  1.3
Dodging        | |  4.9
Stealth        | |  4.5
Poison Magic   | |  5.6

Action                   |  1- 3 |  4- 6 || total
-------------------------+-------+-------++-------
Melee: Hunting sling     |       |     2 ||     2
       Bite              |       |     1 ||     1
 Fire: Hunting sling     |   125 |     3 ||   128
 Cast: Sting             |     6 |       ||     6
       Poisonous Vapours |     6 |       ||     6
  Use: Scroll            |     4 |       ||     4
       Potion            |       |     3 ||     3
Armor: Robe              |    19 |     2 ||    21
Dodge: Dodged            |    75 |     4 ||    79

Table legend:
 A = Spawn XP
 B = Non-spawn XP
 C = Spawn XP percentage of total XP
 D = Spawn monster count
 E = Non-spawn monster count
 F = Spawn count percentage of total count
 G = Total turns spent on level
                    A         B        C        D         E        F      G
               +---------+---------+-------+---------+---------+-------+---------
         Total |       0 |     339 |   0.0 |       0 |      37 |   0.0 |  1011
               +---------+---------+-------+---------+---------+-------+---------
           D:1 |       0 |      43 |   0.0 |       0 |      26 |   0.0 |   857
           D:2 |       0 |     296 |   0.0 |       0 |      11 |   0.0 |   154
               +---------+---------+-------+---------+---------+-------+---------
